 Dungeon Crawl Stone Soup version 0.27.1-34-g3ba077fa99 (webtiles) character file.

Game seed: 8488689129211336256

6251 sankara the Transmogrifier (level 10, -2/84 HPs)
             Began as a Red Draconian Transmuter on Jan 21, 2022.
             Was an Elder of Okawaru.
             Succumbed to a water moccasin's poison
             ... on level 9 of the Dungeon.
             The game lasted 00:30:06 (12411 turns).

sankara the Transmogrifier (DrTm)                  Turns: 12411, Time: 00:30:07

Health: -2/84      AC: 12    Str: 15    XL:     10   Next: 62%
Magic:  9/13       EV: 15    Int: 13    God:    Okawaru [****..]
Gold:   314        SH:  0    Dex: 19    Spells: 4/13 levels left

rFire    + + .     SeeInvis .     - Unarmed
rCold    + . .     Faith    .   (no shield)
rNeg     . . .     Spirit   .   (armour unavailable)
rPois    .         Reflect  .   (helmet restricted)
rElec    .         Harm     .   v - scarf {rC+ rF+}
rCorr    .         Rampage  .   O - +0 pair of gloves
Will     .....                  (no boots)
Stlth    ++........             (no amulet)
HPRegen  0.24/turn              p - +6 ring of dexterity
MPRegen  0.13/turn              L - +4 ring of protection

@: lethally poisoned (-2 -> -13), studying Axes
A: breathe fire, AC +7, unfitting armour, fire resistance 1, cold-blooded
a: Breathe Fire, Renounce Religion, Heroism


You were on level 9 of the Dungeon.
You worshipped Okawaru.
Okawaru was greatly pleased with you.
You visited 2 branches of the dungeon, and saw 10 of its levels.
You also visited: Ossuary.

You collected 314 gold pieces.

Inventory:

Hand Weapons
 d - a +0 hunting sling
Missiles
 a - 310 stones
 g - 29 sling bullets
 h - 6 poisoned darts (quivered)
Armour
 m - a +0 pair of gloves
 q - a +2 kite shield
 v - a scarf of resistance (worn)
 y - a +0 cloak
 O - a +0 pair of gloves (worn)
Magical Staves
 z - a staff of poison
Jewellery
 p - a +6 ring of dexterity (left hand)
 t - an amulet of guardian spirit
 D - a +6 ring of strength
 E - a ring of fire
 H - a ring of willpower
 L - a +4 ring of protection (right hand)
 M - a ring of protection from fire
 P - a ring of magical power
Wands
 x - a wand of digging (11)
 G - a wand of iceblast (6)
 K - a wand of flame (26)
Scrolls
 b - a scroll of vulnerability {unknown}
 c - a scroll of identify
 e - 7 scrolls of noise
 f - a scroll of magic mapping
 k - a scroll of brand weapon {unknown}
 n - 2 scrolls of immolation
 s - a scroll of fear {unknown}
 u - a scroll of holy word {unknown}
 w - 2 scrolls of enchant armour {unknown}
 A - a scroll of enchant weapon {unknown}
Potions
 i - 4 potions of attraction
 j - a potion of mutation {unknown}
 l - 4 potions of cancellation
 o - 4 potions of heal wounds {unknown}
 r - 4 potions of brilliance {unknown}
 B - 3 potions of curing
 C - a potion of might {unknown}
 F - a potion of magic {unknown}
 I - a potion of berserk rage {unknown}
 J - 2 potions of flight {unknown}
 N - a potion of invisibility {unknown}


   Skills:
 + Level 6.8 Fighting
 + Level 6.0 Dodging
 + Level 7.7 Unarmed Combat
 - Level 2.0 Spellcasting
 + Level 8.7 Transmutations
 - Level 4.0 Fire Magic
 - Level 5.0 Poison Magic
 + Level 5.0 Invocations


You had 4 spell levels left.
You knew the following spells:

 Your Spells              Type           Power      Damage    Failure   Level
a - Beastly Appendage     Tmut           48%        N/A       1%          1
b - Wereblood             Tmut           24%        N/A       1%          2
c - Spider Form           Tmut/Pois      9%         N/A       4%          3
d - Ignite Poison         Fire/Tmut/Pois 16%        N/A       7%          3

Your spell library contained the following spells:

 Spells                   Type           Power      Damage    Failure   Level
 Apportation              Tloc           2%         N/A       26%         1
 Summon Small Mammal      Summ           4%         N/A       26%         1
 Conjure Flame            Conj/Fire      6%         6-21      32%         3
 Blink                    Tloc           N/A        N/A       36%         2
 Static Discharge         Conj/Air       1%         N/A       36%         2
 Mephitic Cloud           Conj/Pois/Air  5%         N/A       36%         3
 Ice Form                 Ice/Tmut       12%        N/A       38%         4
 Call Canine Familiar     Summ           1%         N/A       58%         3
 Lesser Beckoning         Tloc           0%         N/A       58%         3
 Ozocubu's Armour         Ice            1%         N/A       58%         3
 Portal Projectile        Hex/Tloc       2%         N/A       58%         3
 Stone Arrow              Conj/Erth      2%         3d7       58%         3
 Summon Guardian Golem    Hex/Summ       1%         N/A       58%         3
 Sticky Flame             Conj/Fire      6%         2d3       73%         4
 Dispel Undead            Necr           1%         3d6       94%         4
 Leda's Liquefaction      Hex/Erth       0%         N/A       94%         4
 Alistair's Intoxication  Tmut/Pois      12%        N/A       38%         5
 Bolt of Magma            Conj/Fire/Erth 2%         4d4       99%         5
 Manifold Assault         Tloc           1%         N/A       100%        5
 Invisibility             Hex            0%         N/A       100%        6
 Orb of Destruction       Conj           0%         N/A       100%        7
 Ozocubu's Refrigeration  Ice            0%         4d5       100%        7
 Spellforged Servitor     Conj/Summ      0%         N/A       100%        7
 Shatter                  Erth           0%         3d5*      100%        9


Dungeon Overview and Level Annotations

Branches:
Dungeon (9/15)             Temple (1/1) D:6         Ossuary (visited)
   Lair: D:8-11         Orc: D:9-12

Altars:
Ashenzari
Cheibriados
Dithmenos
Elyvilon
Fedhas
Gozag
Hepliaklqana
Kikubaaqudgha
Makhleb
Nemelex Xobeh
Okawaru
Qazlal
Ru
Sif Muna
Trog
Uskayaw
Vehumet
Wu Jian
Xom
Yredelemnul
Zin
The Shining One
Lugonu

Shops:
D:1 [   D:7 [   D:8 [

Portals:
Abyss: D:6


Innate Abilities, Weirdness & Mutations

You can breathe blasts of fire.
Your fiery red scales are hard. (AC +7)
You cannot fit into any form of body armour.
Your flesh is heat resistant. (rF+)
You are cold-blooded and may be slowed by cold attacks.


Message History

Confirm with . or Enter, or press ? or * to list all spells.
You ignite the poison in your surroundings!
Something seems to burn from within!!!
Okawaru is honoured by your kill.
Reactivating autopickup.
You feel a bit more experienced.
You feel very sick.
The water moccasin completely misses you. x2
Your Dodging skill increases to level 6!
Your Invocations skill increases to level 5!
You barely miss the water moccasin.
The water moccasin is heavily wounded.
You feel sick. The water moccasin bites you.
You are lethally poisoned!
The water moccasin poisons you!
You closely miss the water moccasin.
The water moccasin is heavily wounded.
* * * LOW HITPOINT WARNING * * *
You feel extremely sick.
The water moccasin completely misses you.
Okay, then.
Okay, then.
Your transformation has ended.
Your scarf of resistance unmelds from your body.
Your +0 pair of gloves unmelds from your body.
You feel resistant to extremes of temperature.
* * * LOW HITPOINT WARNING * * *
You feel very sick. The water moccasin barely misses you.
* * * LOW HITPOINT WARNING * * *
You feel very sick. The water moccasin bites you.
* * * LOW HITPOINT WARNING * * *
The water moccasin bites you but does no damage.
* * * LOW HITPOINT WARNING * * *
You feel very sick.
* * * LOW HITPOINT WARNING * * *
You feel very sick.
The water moccasin bites you but does no damage.
You die...

###.........####....#
............'.......
............####....#
##.#.......## ..#
#.##.....## ##...##
##'## #.# ## #@# ...#
##.## ####
[....#.S.#.....
#.......# #.#...#.#
#.##)#...# . .....##
# #######


You could see a water moccasin.

Vanquished Creatures
  A hydra (D:8)
  Erica (D:9)
  A two-headed ogre (D:8)
  Pikel (D:4)
  A deep elf pyromancer (D:8)
  Prince Ribbit (D:6)
  A yak (D:8)
  Menkaure (D:6)
  A steam dragon (D:8)
  A sky beast (D:5)
  2 black bears
  3 orc warriors
  2 ogres
  3 lemures (D:4)
  2 phantoms (D:5)
  A bullfrog (D:8)
  5 scorpions
  4 wights (D:8)
  9 killer bees
  5 centaur zombies
  2 jellies
  2 hounds
  3 orc priests
  3 centaur skeletons
  A human zombie (Ossuary)
  Crazy Yiuf (D:4)
  An iguana (D:5)
  12 orc wizards
  A hound zombie (D:5)
  A hound skeleton (D:5)
  4 mummies (Ossuary)
  3 gnolls
  8 adders
  4 white imps
  An ufetubus (D:7)
  An adder skeleton (D:4)
  2 dart slugs
  21 orcs
  5 bats
  9 endoplasms
  5 giant cockroaches
  3 goblins
  6 hobgoblins
  4 quokkas
  5 ball pythons
  3 frilled lizards
  A gnoll zombie (Ossuary)
  A hobgoblin zombie (Ossuary)
  5 kobolds
  2 kobold zombies (Ossuary)
  4 rats
170 creatures vanquished.

Vanquished Creatures (others)
  A fungus (D:4)
  A lurking horror (D:6)
2 creatures vanquished.

Grand Total: 172 creatures vanquished

Notes
Turn   | Place    | Note
-------+----------+-------------------------------------------
     0 | D:1      | sankara the Draconian Transmuter began the quest for the
                  | Orb.
     0 | D:1      | Reached XP level 1. HP: 16/16 MP: 3/3
   221 | D:1      | Found Feroj's Antique Armour Shoppe.
   369 | D:1      | Reached XP level 2. HP: 17/23 MP: 3/5
   956 | D:1      | Reached XP level 3. HP: 13/28 MP: 6/6
  1361 | D:1      | Reached skill level 3 in Transmutations
  1479 | D:1      | Learned a level 2 spell: Wereblood
  1483 | D:1      | Learned a level 3 spell: Spider Form
  1886 | D:1      | Reached XP level 4. HP: 35/35 MP: 0/7
  2013 | D:2      | Reached skill level 1 in Poison Magic
  2798 | D:3      | Found a faded altar of an unknown god.
  3677 | D:4      | Noticed an orc warrior
  3807 | D:4      | Reached XP level 5. HP: 40/40 MP: 4/8
  3816 | D:4      | Reached skill level 4 in Transmutations
  4046 | D:4      | Killed an orc warrior
  4047 | D:4      | Reached XP level 6. HP: 23/47 MP: 2/9
  5364 | D:4      | Noticed Pikel
  5397 | D:4      | Killed Pikel
  5398 | D:4      | Reached skill level 5 in Unarmed Combat
  5398 | D:4      | Reached skill level 5 in Transmutations
  5398 | D:4      | Your scales start taking on a fiery red colour.
  5398 | D:4      | Reached XP level 7. HP: 19/56 MP: 10/10
  5398 | D:4      | Gained mutation: Your flesh is heat resistant. (rF+) [Red
                  | Draconian growth]
  5773 | D:4      | Learned a level 3 spell: Ignite Poison
  5786 | D:4      | Found a runed translucent door.
  5787 | D:4      | Noticed Crazy Yiuf
  5801 | D:4      | Killed Crazy Yiuf
  5844 | D:5      | Entered Level 5 of the Dungeon
  5904 | D:5      | Reached XP level 8. HP: 39/62 MP: 8/11
  5917 | D:5      | Reached skill level 1 in Fire Magic
  6381 | D:5      | Reached skill level 5 in Poison Magic
  6458 | D:5      | Reached skill level 6 in Transmutations
  7762 | D:6      | Found a staircase to the Ecumenical Temple.
  7774 | Temple   | Entered the Ecumenical Temple
  8112 | Temple   | Became a worshipper of Warmaster Okawaru
  8363 | D:6      | Found a corrupted altar of Lugonu.
  8364 | D:6      | Found a one-way gate to the infinite horrors of the Abyss.
  8613 | D:6      | Noticed Prince Ribbit
  8620 | D:6      | Killed Prince Ribbit
  8621 | D:6      | Reached skill level 7 in Transmutations
  8621 | D:6      | Reached XP level 9. HP: 68/71 MP: 5/12
  8692 | D:6      | Noticed Menkaure
  8700 | D:6      | Killed Menkaure
  8700 | D:6      | Reached * piety under Okawaru
  9365 | D:7      | Reached skill level 1 in Invocations
  9641 | D:7      | Found Buonanid's Armour Shoppe.
 10164 | D:8      | Found a sand-covered staircase.
 10214 | Ossuary  | Entered an ossuary
 10299 | Ossuary  | Reached skill level 5 in Fighting
 10848 | D:8      | Noticed a two-headed ogre
 10880 | D:8      | Killed a two-headed ogre
 10880 | D:8      | Reached ** piety under Okawaru
 10881 | D:8      | Reached skill level 5 in Dodging
 10919 | D:8      | Noticed a deep elf pyromancer
 10923 | D:8      | Reached *** piety under Okawaru
 10924 | D:8      | Reached skill level 8 in Transmutations
 10932 | D:8      | Killed a deep elf pyromancer
 10933 | D:8      | Reached XP level 10. HP: 35/83 MP: 2/13
 11313 | D:8      | Noticed a seven-headed hydra
 11331 | D:8      | Killed a seven-headed hydra
 11515 | D:8      | Found Tuheha Heti's Armour Shop.
 11942 | D:8      | Found a bloodstained altar of Trog.
 12007 | D:8      | Reached **** piety under Okawaru
 12390 | D:9      | Noticed Erica
 12404 | D:9      | Killed Erica
 12405 | D:9      | Reached skill level 5 in Invocations
 12409 | D:9      | HP: 4/84 [poisoned by a water moccasin]
 12410 | D:9      | HP: 1/84 [poisoned by a water moccasin]
 12411 | D:9      | Succumbed to a water moccasin's poison

Illustrated notes

Levels and vault maps discovered:
D:1:      eino_arrival_tree_alley, layout_loops_ring, serial_shops, shop_statue,
          minmay_pentomino_t4
D:2:      layout_rooms, chequers_serial_rivers_micro_d
D:3:      layout_rooms, hellmonk_ecumenical_altar_pennies_from_heaven
D:4:      layout_loops_ring, chequers_decorated_corner, roderic_roman_lattice,
          uniq_pikel, uniq_crazy_yiuf_cottage
D:5:      layout_layer_cave
D:6:      layout_gridville, minmay_temple_entry_junction_2,
          amcnicky_altar_lugonu_corruption, uniq_menkaure, uniq_prince_ribbit1
D:7:      layout_gridville, serial_rivers, chequers_serial_rivers_marsh,
          chequers_serial_rivers_micro_a, chequers_serial_rivers_room_a,
          chequers_serial_rivers_room_a, serial_shops, nicolae_diamond_shop
D:8:      minmay_flawed_box, layout_basic, trog_book, serial_shops,
          nicolae_shop_statue_plus, nicolae_ossuary_entry_monument,
          minmay_manual_mail
D:9:      gammafunk_boulding_lane, layout_loops_corners, erik_lair_dragon,
          hiddenorc1_lemuel, serial_shops, nicolae_square_shop, uniq_erica
Temple:   nicolae_temple_the_god_donut

Skill      XL: |  1  2  3  4  5  6  7  8  9 10 |
---------------+-------------------------------+-----
Transmutations | 3 4 5 7 8 |  8.7
Poison Magic   | 2 3 4 5 |  5.0
Unarmed Combat | 4 5 7 |  7.7
Dodging        | 2 3 5 6 |  6.0
Fighting       | 2 4 5 6 |  6.8
Fire Magic     | 3 4 |  4.0
Invocations    | 3 5 |  5.0
Spellcasting   | |  2.0

Action                   |  1- 3 |  4- 6 |  7- 9 | 10-12 || total
-------------------------+-------+-------+-------+-------++-------
Melee: Unarmed           |    71 |   143 |   270 |    72 ||   556
       Kick              |     6 |       |       |       ||     6
       Headbutt          |     4 |       |       |       ||     4
       Tailslap          |     3 |     4 |     3 |       ||    10
       Punch             |     1 |       |     1 |       ||     2
Throw: Dart              |     1 |     5 |       |     1 ||     7
 Cast: Beastly Appendage |    16 |       |     1 |       ||    17
       Spider Form       |     3 |    31 |    54 |    11 ||    99
       Ignite Poison     |       |       |     5 |     2 ||     7
       Wereblood         |       |       |     2 |       ||     2
Invok: Heroism           |       |       |     1 |     1 ||     2
 Abil: End Transformatio |       |     1 |       |     1 ||     2
       Breathe Fire      |       |       |     1 |       ||     1
Evoke: Wand              |       |       |       |     4 ||     4
  Use: Potion            |     2 |       |       |       ||     2
       Scroll            |       |       |     4 |     1 ||     5
 Stab: Sleeping          |     1 |     1 |     2 |       ||     4
Armor: Skin              |    15 |    13 |    29 |    12 ||    69
Dodge: Dodged            |    46 |   100 |   247 |    84 ||   477
